[Event "Titled Tuesday Blitz November 29 Early 2022"]
[White "Pinheiro, Iung Alicio de O."]
[Black "Yano, William Jorge Froes"]
[WhiteFideId "2104350"]
[BlackFideId "2112949"]
[WhiteElo "2283"]
[BlackElo "2122"]
[Result "1-0"]
[Round "06"]
[TimeControl "180+1"]
[Date "2022.11.30"]
[WhiteClock "0:00:19"]
[BlackClock "0:00:16"]

1. e4 e6 2. b3 d5 3. Bb2 Nf6 4. e5 Nfd7 5. f4 c5 6. Nf3 Nc6 7. Bb5 a6 8. Bxc6 bxc6 9. c4 a5 10. Nc3 Be7 11. O-O O-O 12. d3 f6 13. exf6 Nxf6 14. Qe2 d4 15. Na4 Ng4 16. Ne5 Ne3 17. Rf3 Bd6 18. Rxe3 dxe3 19. Qxe3 Qc7 20. Re1 Rb8 21. g3 Bd7 22. Ba3 Be8 23. Bxc5 Bxc5 24. Nxc5 Qd6 25. Na4 Bh5 26. Qc5 Qd8 27. Nxc6 Qf6 28. Nxb8 Rxb8 29. Qxh5 Rf8 30. Qe5 Qh6 31. Qxe6+ Qxe6 32. Rxe6 Kf7 33. Re4 Rc8 34. d4 Kf6 35. Kf2 Kf5 36. Ke3 Kf6 37. Re5 h6 38. Nc5 a4 39. Ne4+ Kf7 40. Nd6+ Kf6 41. Nxc8 axb3 42. axb3 1-0


[Site "https://www.chess.com"]

[Event "Titled Tuesday Blitz November 29 Early 2022"]
[White "Pranav, V"]
[Black "Gareyev, Timur"]
[WhiteFideId "25060783"]
[BlackFideId "14200937"]
[WhiteElo "2998"]
[BlackElo "2832"]
[Result "1-0"]
[Round "06"]
[TimeControl "180+1"]
[Date "2022.11.30"]
[WhiteClock "0:01:11"]
[BlackClock "0:00:05"]

1. e4 e5 2. Nf3 Nc6 3. Bc4 Nf6 4. Ng5 d5 5. exd5 Na5 6. Bb5+ c6 7. dxc6 bxc6 8. Bd3 h6 9. Ne4 Nd5 10. O-O Nf4 11. Be2 f5 12. Ng3 h5 13. d4 h4 14. Bxf4 exf4 15. Nh5 Bd6 16. Re1 O-O 17. Qd2 Qc7 18. b4 Nb7 19. c4 f3 20. Bxf3 Bxh2+ 21. Kh1 Nd6 22. Qg5 Ne4 23. Bxe4 fxe4 24. Nc3 Bf5 25. Nxe4 Kh8 26. Nef6 gxf6 27. Qxf5 1-0


[Site "https://www.chess.com"]

[Event "Titled Tuesday Blitz November 29 Early 2022"]
[White "Principe, Gerson"]
[Black "Nguyen, Thai Dai Van"]
[WhiteFideId "3804550"]
[BlackFideId "358878"]
[WhiteElo "2280"]
[BlackElo "2534"]
[Result "0-1"]
[Round "06"]
[TimeControl "180+1"]
[Date "2022.11.30"]
[WhiteClock "0:00:12"]
[BlackClock "0:01:19"]

1. d4 Nf6 2. Nf3 d5 3. c4 e6 4. cxd5 exd5 5. Nc3 c6 6. Bg5 h6 7. Bxf6 Qxf6 8. e3 Bd6 9. Be2 O-O 10. O-O a5 11. Rc1 Nd7 12. Na4 Qe7 13. Qc2 Nf6 14. Nb6 Ra7 15. Nxc8 Rxc8 16. Bd3 Raa8 17. Rfd1 g6 18. a3 Kg7 19. Qb3 h5 20. Qc3 Re8 21. Rb1 Qc7 22. Rdc1 Ne4 23. Qc2 f6 24. b4 axb4 25. axb4 Ra3 26. b5 Rc3 27. Qd1 cxb5 28. Bxe4 dxe4 29. Nd2 b4 30. h3 f5 31. Nb3 Rc8 32. Rxc3 bxc3 33. Qc2 b6 34. Rd1 Kh6 35. d5 Qc4 36. Rd4 Qc7 37. g4 b5 38. Qe2 c2 39. Nc1 Ba3 0-1


[Site "https://www.chess.com"]

[Event "Titled Tuesday Blitz November 29 Early 2022"]
[White "Putnam, Liam"]
[Black "Amin-Erdene, Bayanmunkh"]
[WhiteFideId "30938279"]
[BlackFideId "4903161"]
[WhiteElo "2082"]
[BlackElo "1447"]
[Result "1-0"]
[Round "06"]
[TimeControl "180+1"]
[Date "2022.11.30"]
[WhiteClock "0:00:32"]
[BlackClock "0:00:02"]

1. d4 Nf6 2. c4 g6 3. Nc3 Bg7 4. e4 d6 5. Nf3 O-O 6. Be2 e5 7. O-O exd4 8. Nxd4 Re8 9. f3 c6 10. Kh1 Nbd7 11. Bf4 Nh5 12. Bxd6 Qf6 13. Nb3 Nf4 14. c5 a5 15. a4 Ne5 16. g3 Nxe2 17. Qxe2 Qe6 18. Nd4 Qc4 19. Bxe5 Qxe2 20. Ndxe2 Bxe5 21. Rfd1 Be6 22. Nd4 Bc4 23. Rd2 Bf6 24. Rad1 Be7 25. Rc1 Bxc5 26. Nd1 Bb4 27. Nc3 Rad8 28. Rcd1 Rd7 29. Nc2 Rxd2 30. Rxd2 Bb3 31. Nd4 Bxc3 32. bxc3 Bxa4 33. Ra2 Bd1 34. Rxa5 b5 35. Ra1 Ba4 36. Nxc6 Kg7 37. c4 Rc8 38. cxb5 Bxb5 39. Nd4 Rc5 40. Ra7 Kf8 41. Kg2 Bc4 42. Rb7 Bd3 43. Rb2 Rc4 44. Nb5 Rc1 45. Nd6 Bf1+ 46. Kf2 Bh3 47. Nb5 Rh1 48. Ke3 Rf1 49. Nd4 h5 50. e5 Re1+ 51. Re2 Ra1 52. f4 Ra3+ 53. Kf2 Bg4 54. Rb2 Rd3 55. Nb5 Rf3+ 56. Kg2 Re3 57. Nd6 Kg7 58. Kf2 Rf3+ 59. Kg1 Re3 60. Rb7 Be6 61. Ne8+ Kf8 62. Nf6 Kg7 63. Rb8 h4 64. Rg8+ Kh6 65. g4 1-0


[Site "https://www.chess.com"]

[Event "Titled Tuesday Blitz November 29 Early 2022"]
[White "Putri, Regita Desyari"]
[Black "Arbunic Castro, Giovanna"]
[WhiteFideId "7109083"]
[BlackFideId "3400549"]
[WhiteElo "1930"]
[BlackElo "1935"]
[Result "1-0"]
[Round "06"]
[TimeControl "180+1"]
[Date "2022.11.30"]
[WhiteClock "0:01:56"]
[BlackClock "0:01:14"]

1. e4 g6 2. d4 Bg7 3. Nc3 c5 4. Nf3 Qa5 5. Bc4 cxd4 6. Nxd4 Qc5 7. Bxf7+ Kxf7 8. Be3 Qc7 9. O-O a6 10. Nd5 Qd8 11. Nb3 Nf6 12. Nb6 Nc6 13. Nxa8 Nxe4 14. Qd5+ e6 15. Qxe4 d5 16. Qf3+ Bf6 17. Nb6 d4 18. Nxc8 dxe3 19. fxe3 Ne5 20. Nd6+ Qxd6 21. Qxf6+ Kg8 22. Rad1 1-0


[Site "https://www.chess.com"]

[Event "Titled Tuesday Blitz November 29 Early 2022"]
[White "Ravot, Sylvain"]
[Black "Broca Jimenez, Fernando"]
[WhiteFideId "627763"]
[BlackFideId "5104742"]
[WhiteElo "2195"]
[BlackElo "2062"]
[Result "1-0"]
[Round "06"]
[TimeControl "180+1"]
[Date "2022.11.30"]
[WhiteClock "0:00:02"]
[BlackClock "0:00:03"]

1. e4 c5 2. Nf3 g6 3. d4 cxd4 4. Qxd4 Nf6 5. Nc3 Nc6 6. Qa4 Bg7 7. e5 Ng8 8. Bf4 Nh6 9. O-O-O O-O 10. Bc4 Qa5 11. Qb3 Ng4 12. Rd5 Qb6 13. Qxb6 axb6 14. h3 Nh6 15. Re1 Na5 16. Bb5 Nc6 17. Kb1 e6 18. Rdd1 Nf5 19. g4 Nfe7 20. Bg5 Re8 21. Bf6 Ra5 22. Rd2 Nd5 23. Nxd5 Rxb5 24. Nc7 Bf8 25. Nxb5 Be7 26. Nd6 Rf8 27. Nxc8 Rxc8 28. Bxe7 Nxe7 29. Rxd7 Nd5 30. a3 b5 31. Rxb7 Rc5 32. Nd4 b4 33. axb4 Rc4 34. c3 Kg7 35. Kc2 Kg8 36. Kb3 Rc8 37. c4 Nf4 38. Re3 Ng2 39. Rg3 Nf4 40. Rc3 Kg7 41. Rd7 Ra8 42. Rf3 Rb8 43. Rxf4 Rc8 44. Rfxf7+ Kh6 45. f4 g5 46. Rxh7+ Kg6 47. Rdg7# 1-0


[Site "https://www.chess.com"]

[Event "Titled Tuesday Blitz November 29 Early 2022"]
[White "Remizov, Yaroslav"]
[Black "Leenhouts, Koen"]
[WhiteFideId "34134015"]
[BlackFideId "1008439"]
[WhiteElo "2414"]
[BlackElo "2409"]
[Result "0-1"]
[Round "06"]
[TimeControl "180+1"]
[Date "2022.11.30"]
[WhiteClock "0:00:14"]
[BlackClock "0:00:05"]

1. d4 d5 2. Nf3 Nf6 3. c4 e6 4. g3 Be7 5. Bg2 O-O 6. O-O dxc4 7. Ne5 Nc6 8. Nxc6 bxc6 9. Bxc6 Rb8 10. Na3 Bxa3 11. bxa3 Nd5 12. Qc2 Rb6 13. Qxc4 Ba6 14. Qc2 Bxe2 15. Qxe2 Rxc6 16. Bd2 Qd6 17. Qf3 Ra6 18. Bc1 Rb8 19. Rd1 h6 20. Qe2 Nc3 21. Qe1 Nxd1 22. Qxd1 c5 23. Bf4 Qd8 24. Bxb8 Qxb8 25. dxc5 Rc6 26. Qd4 Qb5 27. Rc1 Qe2 28. Qd8+ Kh7 29. Qd7 Qf3 30. Qxa7 h5 31. Qa4 e5 32. Qc4 e4 33. a4 h4 34. Qf1 e3 35. Qd3+ Rg6 36. Qxe3 Qc6 37. a5 h3 38. f3 Re6 39. Qf4 Qb5 40. Qh4+ Rh6 41. Qe4+ Rg6 42. c6 Qb2 43. Qe3 Qg2# 0-1


[Site "https://www.chess.com"]

[Event "Titled Tuesday Blitz November 29 Early 2022"]
[White "Riehle, Marco"]
[Black "Silva, Miguel Antonio Neto"]
[WhiteFideId "12904392"]
[BlackFideId "1911929"]
[WhiteElo "2462"]
[BlackElo "2223"]
[Result "1-0"]
[Round "06"]
[TimeControl "180+1"]
[Date "2022.11.30"]
[WhiteClock "0:02:39"]
[BlackClock "0:02:02"]

1. e4 c5 2. a3 Nf6 3. e5 Nd5 4. c4 Nc7 5. b4 d6 6. Nf3 Nc6 7. Bb2 Ne6 8. Be2 dxe5 9. Nxe5 Ncd4 10. O-O Qc7 11. Nf3 b6 12. Nc3 Bb7 13. Nd5 Bxd5 14. cxd5 Nxf3+ 15. Bxf3 Nd4 16. Bxd4 cxd4 17. d6 Qb8 18. Qa4+ b5 19. Bc6+ Kd8 20. Qa5+ 1-0


[Site "https://www.chess.com"]

[Event "Titled Tuesday Blitz November 29 Early 2022"]
[White "Rios Escobar, Adan"]
[Black "Blokhin, Sofia"]
[WhiteFideId "3403645"]
[BlackFideId "4508190"]
[WhiteElo "2304"]
[BlackElo "2005"]
[Result "1-0"]
[Round "06"]
[TimeControl "180+1"]
[Date "2022.11.30"]
[WhiteClock "0:00:09"]
[BlackClock "0:00:04"]

1. d4 f5 2. g3 e6 3. Bg2 Nf6 4. Nf3 Be7 5. O-O O-O 6. b3 d5 7. c4 Ne4 8. Ba3 c6 9. Qc2 g5 10. Bxe7 Qxe7 11. e3 Na6 12. a3 Nc7 13. Nc3 Ne8 14. Ne2 N8d6 15. Ne5 Nf7 16. Nd3 b6 17. f3 Nf6 18. Ne5 Nxe5 19. dxe5 Nd7 20. f4 g4 21. Nd4 Bb7 22. Rfd1 Nc5 23. Rac1 Ne4 24. Bxe4 dxe4 25. c5 b5 26. Ne2 Rad8 27. Rd6 Rd7 28. Rcd1 Rfd8 29. b4 h5 30. R1d4 h4 31. Qd1 Rxd6 32. Rxd6 Rxd6 33. exd6 Qd7 34. Qd4 hxg3 35. hxg3 Kf7 36. Qh8 Kg6 37. Nd4 Bc8 38. Qg8+ Kf6 39. Kf2 Bb7 40. Qf8+ Kg6 41. Ke2 Bc8 42. Kd2 Bb7 43. Kc3 Bc8 44. Qg8+ Kf6 45. Qh8+ Kg6 46. Qf8 Bb7 47. Kb2 Bc8 48. Kb3 a5 49. bxa5 Bb7 50. Kb4 Ba6 51. Qe7 Bc8 52. Qxd7 Bxd7 53. a6 Bc8 54. a7 Bb7 55. d7 e5 56. d8=Q exd4 57. exd4 e3 58. a8=Q Bxa8 59. Qxa8 e2 60. Qe8+ Kf6 61. Qxe2 Kf7 62. d5 cxd5 63. Kxb5 1-0


[Site "https://www.chess.com"]

[Event "Titled Tuesday Blitz November 29 Early 2022"]
[White "Rose, Felix"]
[Black "Simonovic, Miroslav"]
[WhiteFideId "5105722"]
[BlackFideId "919152"]
[WhiteElo "2039"]
[BlackElo "2043"]
[Result "1-0"]
[Round "06"]
[TimeControl "180+1"]
[Date "2022.11.30"]
[WhiteClock "0:00:12"]
[BlackClock "0:00:51"]

1. e4 c5 2. Nf3 Nc6 3. d4 cxd4 4. Nxd4 a6 5. Nc3 e5 6. Nb3 Nf6 7. Bg5 Be7 8. Bxf6 Bxf6 9. Nd5 O-O 10. a4 d6 11. Bc4 g6 12. O-O Bg7 13. a5 Be6 14. c3 Ne7 15. Nb6 Bxc4 16. Nxc4 Nc8 17. Qd5 Qc7 18. Rad1 Rd8 19. f4 Ne7 20. Qd3 d5 21. Nb6 dxe4 22. Nxa8 Rxd3 23. Nxc7 Rxd1 24. Rxd1 Nc6 25. fxe5 Bxe5 26. Rd7 e3 27. Nd5 e2 28. Kf2 Bxh2 29. Kxe2 Kg7 30. Rxb7 Ne5 31. Nc5 Nc4 32. b4 Bd6 33. Ne6+ Kh6 34. Rxf7 Ne5 35. Ra7 Nc4 36. Nf6 g5 37. Ne4 Be5 38. N6xg5 Kg6 39. Rxh7 Kf5 40. Kf3 Nd2+ 41. Nxd2 Kxg5 42. g4 Bxc3 43. Rh5+ Kf6 44. Ne4+ Kg6 45. Nxc3 Kf6 46. b5 Ke6 47. bxa6 Kd7 48. Rh7+ Kc6 49. a7 Kc5 50. a8=Q Kc4 51. Qc6+ Kd3 52. Rd7+ Kc2 53. Ne4+ Kb3 54. Rd3+ Ka2 55. Qc2+ Ka1 56. Rd1# 1-0


[Site "https://www.chess.com"]

[Event "Titled Tuesday Blitz November 29 Early 2022"]
[White "Rustemov, Alexander"]
[Black "Szpar, Milosz"]
[WhiteFideId "4119002"]
[BlackFideId "1184989"]
[WhiteElo "2867"]
[BlackElo "2682"]
[Result "1-0"]
[Round "06"]
[TimeControl "180+1"]
[Date "2022.11.30"]
[WhiteClock "0:00:25"]
[BlackClock "0:00:23"]

1. d4 Nf6 2. c4 c5 3. d5 e6 4. Nc3 exd5 5. cxd5 d6 6. e4 g6 7. h3 Bg7 8. Nf3 O-O 9. Bd3 b5 10. Bxb5 Nxe4 11. Nxe4 Qa5+ 12. Nfd2 Qxb5 13. Nxd6 Qa6 14. N2c4 Nd7 15. O-O Ne5 16. Nxe5 Qxd6 17. Nc4 Qa6 18. Ne3 Rb8 19. Qc2 Bd4 20. Rd1 Bd7 21. Rb1 Qxa2 22. b3 Qxc2 23. Nxc2 Bf5 24. Nxd4 Bxb1 25. Nc6 Rxb3 26. Bh6 Re8 27. d6 Rd3 28. Rxd3 Bxd3 29. d7 Ra8 30. Ne7+ Kh8 31. Nc8 1-0


[Site "https://www.chess.com"]

[Event "Titled Tuesday Blitz November 29 Early 2022"]
[White "Sadhwani, Raunak"]
[Black "Firouzja, Alireza"]
[WhiteFideId "35093487"]
[BlackFideId "12573981"]
[WhiteElo "2990"]
[BlackElo "3142"]
[Result "1/2-1/2"]
[Round "06"]
[TimeControl "180+1"]
[Date "2022.11.30"]
[WhiteClock "0:00:18"]
[BlackClock "0:00:16"]

1. e4 g6 2. d4 Bg7 3. Nc3 c6 4. Nf3 d5 5. h3 a6 6. Bd3 b5 7. O-O b4 8. Ne2 dxe4 9. Bxe4 Nf6 10. Bd3 O-O 11. c3 bxc3 12. bxc3 c5 13. dxc5 Bb7 14. Ned4 Qc7 15. Rb1 Nbd7 16. Rxb7 Qxb7 17. c6 Qc7 18. cxd7 e5 19. Nxe5 Qxe5 20. Nc6 Qxc3 21. Ne7+ Kh8 22. Bxa6 Nxd7 23. Bb7 Ra7 24. Qxd7 Qb4 25. Nc6 Qxb7 26. Qxb7 Rxb7 27. Be3 Ra8 28. Rd1 h5 29. Rd2 Rb1+ 30. Kh2 Ra1 31. Rd7 Kg8 32. Ne7+ Kf8 33. Bc5 Be5+ 34. g3 Kg7 35. Nc6 Bf6 36. Be3 R1xa2 37. Nb4 R2a5 38. Nd5 Ba1 39. Kg2 Re8 40. Nc7 Rc8 41. Nd5 Raa8 42. Nf4 Re8 43. h4 Kg8 44. Rb7 Rad8 45. Kf3 Bd4 46. Bxd4 Rxd4 47. Nh3 Rd5 48. Kg2 Rf5 49. Rb2 Kg7 50. Ng5 Re7 51. Nh3 Rfe5 52. Ra2 Re2 53. Ra3 Rb2 54. Rf3 Rb5 55. Ng5 f6 56. Nh3 g5 57. hxg5 fxg5 58. Ra3 Kg6 59. Ra4 Re6 60. Rc4 Rd5 61. Ra4 Rf5 62. Rc4 Rb5 63. Ra4 Rc6 64. Rd4 Rf5 65. Ra4 Rc2 66. Ra6+ Kf7 67. Ra7+ Ke6 68. Ra6+ Ke7 69. Ra7+ Kf8 70. Ra8+ Kg7 71. Ra7+ Kg6 72. Ra6+ Kf7 73. Ra7+ Ke6 74. Ra6+ Kd5 75. Ra5+ Rc5 76. Ra8 Ke4 77. Re8+ Rce5 78. Rh8 g4 79. Nf4 Rxf4 80. gxf4 Kxf4 81. Rf8+ Rf5 82. Ra8 h4 83. Ra4+ Kg5 84. Ra8 h3+ 85. Kg1 Rd5 86. Kh2 Rf5 87. Kg1 Rf6 88. Ra5+ Kh4 89. Ra8 Rf5 90. Rh8+ Kg5 91. Ra8 1/2-1/2


[Site "https://www.chess.com"]

[Event "Titled Tuesday Blitz November 29 Early 2022"]
[White "Sadykov, Ramil"]
[Black "Rian, Kapriaga"]
[WhiteFideId "24113590"]
[BlackFideId "7103263"]
[WhiteElo "2245"]
[BlackElo "2214"]
[Result "1-0"]
[Round "06"]
[TimeControl "180+1"]
[Date "2022.11.30"]
[WhiteClock "0:00:23"]
[BlackClock "0:00:02"]

1. e4 c6 2. d4 d5 3. exd5 cxd5 4. Bd3 Nc6 5. c3 Nf6 6. Bf4 Bg4 7. Qb3 Qc8 8. Nd2 e6 9. Ngf3 Be7 10. O-O O-O 11. Qc2 Bh5 12. Ne5 Bg6 13. Nxg6 hxg6 14. Nf3 Nh5 15. Be3 Bd6 16. Qd2 Qc7 17. g3 Rab8 18. a4 a6 19. Qe2 Rfe8 20. Rad1 Qa5 21. Nd2 Nf6 22. f4 b5 23. axb5 axb5 24. Ra1 Qb6 25. b4 Rec8 26. Nb3 Ne4 27. Bxe4 dxe4 28. d5 Qc7 29. dxc6 Qxc6 30. Bd4 Qd5 31. Nc5 f5 32. Rfd1 Bxc5 33. Bxc5 Qb3 34. Qa2 Qxc3 35. Qxe6+ Kh7 36. Qe5 Qf3 37. Rd7 Rg8 38. Raa7 Qe2 39. Rxg7+ Kh6 40. Rh7# 1-0


[Site "https://www.chess.com"]

[Event "Titled Tuesday Blitz November 29 Early 2022"]
[White "Salinas Herrera, Pablo"]
[Black "Fedoseev, Vladimir"]
[WhiteFideId "3407128"]
[BlackFideId "24130737"]
[WhiteElo "2839"]
[BlackElo "3018"]
[Result "0-1"]
[Round "06"]
[TimeControl "180+1"]
[Date "2022.11.30"]
[WhiteClock "0:00:11"]
[BlackClock "0:00:45"]

1. d4 Nf6 2. c4 e6 3. Nc3 Bb4 4. e3 O-O 5. Bd2 Re8 6. Nf3 b6 7. Bd3 Bb7 8. O-O d6 9. a3 Bxc3 10. Bxc3 Nbd7 11. b3 e5 12. Bc2 Be4 13. a4 a5 14. Re1 Qe7 15. Qd2 Rad8 16. Bd1 Bg6 17. Bb2 Ne4 18. Qc1 Ng5 19. Nxg5 Qxg5 20. Be2 Re7 21. Bf1 Rde8 22. Qc3 h5 23. Rad1 h4 24. h3 Be4 25. Bc1 Qg6 26. Kh2 Nf6 27. dxe5 Rxe5 28. Re2 Rg5 29. f3 Bc6 30. Qe1 Rh5 31. Rd4 Qh7 32. e4 Nd7 33. Be3 Nc5 34. Rb2 f5 35. exf5 Qxf5 36. Qf2 Qe5+ 37. Bf4 Qf6 38. Rdd2 Qxf4+ 0-1


[Site "https://www.chess.com"]

[Event "Titled Tuesday Blitz November 29 Early 2022"]
[White "Santos Ruiz, Miguel"]
[Black "Caruana, Fabiano"]
[WhiteFideId "22291482"]
[BlackFideId "2020009"]
[WhiteElo "2872"]
[BlackElo "3071"]
[Result "0-1"]
[Round "06"]
[TimeControl "180+1"]
[Date "2022.11.30"]
[WhiteClock "0:00:15"]
[BlackClock "0:01:42"]

1. e4 c5 2. Nf3 Nc6 3. d4 cxd4 4. Nxd4 Nf6 5. Nc3 e5 6. Ndb5 d6 7. Nd5 Nxd5 8. exd5 Ne7 9. a4 Ng6 10. a5 a6 11. Nc3 Be7 12. Bd2 O-O 13. Na4 f5 14. Nb6 Rb8 15. c4 e4 16. Bc3 f4 17. Nxc8 Rxc8 18. Qc2 Bf6 19. O-O-O Bxc3 20. Qxc3 Ne5 21. Rd4 b5 22. Rxe4 bxc4 23. Bxc4 Qg5 24. Rxe5 dxe5 25. d6+ Kh8 26. d7 Rc7 27. Rd1 f3+ 28. Kb1 fxg2 29. Qb4 Rd8 0-1


[Site "https://www.chess.com"]

[Event "Titled Tuesday Blitz November 29 Early 2022"]
[White "Sarana, Alexey"]
[Black "Timofeev, Artyom"]
[WhiteFideId "24133795"]
[BlackFideId "4140419"]
[WhiteElo "3000"]
[BlackElo "2833"]
[Result "1/2-1/2"]
[Round "06"]
[TimeControl "180+1"]
[Date "2022.11.30"]
[WhiteClock "0:00:04"]
[BlackClock "0:00:04"]

1. c4 e6 2. Nc3 d5 3. d4 c6 4. cxd5 exd5 5. Bf4 Bd6 6. Bxd6 Qxd6 7. e3 Ne7 8. Bd3 Bf5 9. Bxf5 Nxf5 10. Qd3 g6 11. Nf3 Nd7 12. h4 O-O-O 13. O-O-O Kb8 14. Kb1 h5 15. Rd2 Rhe8 16. Rc2 Qf6 17. a3 Nd6 18. Ng5 Nf8 19. Rhc1 Ne6 20. Nxe6 Qxe6 21. g3 Qf5 22. Qxf5 Nxf5 23. Ne2 Nd6 24. Nf4 Ne4 25. b3 Kc7 26. Kb2 Kd6 27. a4 a5 28. Nd3 Re7 29. Rg1 Nf6 30. Ne5 Ng4 31. Nd3 Nf6 32. Rc5 Ra8 33. Ka3 Ne4 34. Rc2 Nf6 35. b4 axb4+ 36. Kxb4 Ne4 37. Rgc1 Ra7 38. a5 Re8 39. Ne5 Ke6 40. Ra1 Rea8 41. Ra4 Nd6 42. Rca2 Ra6 43. Nd3 R6a7 44. Rc2 Ne4 45. Ra3 f6 46. Rca2 g5 47. Ra1 Kf5 48. Rh1 Rh8 49. hxg5 fxg5 50. Ne5 h4 51. gxh4 gxh4 52. f3 Nd6 53. Ra2 Raa8 54. Rah2 Ke6 55. Rxh4 Rxh4 56. Rxh4 Nf5 57. Rh7 Nxe3 58. Rxb7 Nc2+ 59. Kc3 Ne3 60. Kd3 Nc4 61. Nxc4 dxc4+ 62. Kxc4 Rxa5 63. Rc7 Kd6 64. Rf7 Ra4+ 65. Kd3 Kd5 66. Rf5+ Ke6 67. Rc5 Kd6 68. Ke4 Ra1 69. Rc3 Re1+ 70. Re3 Rf1 71. f4 Ke6 72. Rc3 Re1+ 73. Kf3 Kd5 74. Rc5+ Kd6 75. Re5 Rd1 76. Ke4 Re1+ 77. Kf5 Rd1 78. Re8 Rxd4 79. Kg5 Ra4 80. f5 Ra1 81. f6 Rg1+ 82. Kf5 Rf1+ 83. Kg6 Rg1+ 84. Kh7 Rh1+ 85. Kg7 Rg1+ 86. Kf8 c5 87. f7 Rf1 88. Kg7 c4 89. f8=Q+ Rxf8 90. Rxf8 Ke5 91. Re8+ Kd4 92. Rd8+ Ke3 93. Re8+ Kd2 94. Kf6 c3 95. Rd8+ Ke3 96. Rc8 Kd2 97. Ke5 c2 98. Kd4 c1=Q 99. Rxc1 Kxc1 1/2-1/2


[Site "https://www.chess.com"]

[Event "Titled Tuesday Blitz November 29 Early 2022"]
[White "Sargissyan, Sargis"]
[Black "Gheorghiu, Calin"]
[WhiteFideId "13303210"]
[BlackFideId "1200305"]
[WhiteElo "2109"]
[BlackElo "2225"]
[Result "0-1"]
[Round "06"]
[TimeControl "180+1"]
[Date "2022.11.30"]
[WhiteClock "0:00:01"]
[BlackClock "0:00:38"]

1. e4 g6 2. d4 Bg7 3. Nc3 a6 4. f4 d6 5. Nf3 b5 6. Bd3 Bb7 7. e5 Nh6 8. e6 fxe6 9. Qe2 Bxf3 10. Qxf3 c6 11. Qh3 Nf5 12. Ne2 c5 13. dxc5 dxc5 14. Be4 Ra7 15. c3 O-O 16. O-O Rd7 17. g4 Nd6 18. Bc2 Nc4 19. Ng3 Nd2 20. Bxd2 Rxd2 21. Rad1 b4 22. Ne4 Rxd1 23. Rxd1 Qb6 24. Ng5 c4+ 25. Kh1 h6 26. Bxg6 bxc3 27. bxc3 Nd7 28. Rxd7 Qc6+ 29. Ne4 Qxd7 30. g5 Qd1+ 31. Kg2 Qe2+ 32. Nf2 Rxf4 33. Qg3 hxg5 34. Bb1 Qe5 35. h4 gxh4 0-1


[Site "https://www.chess.com"]

[Event "Titled Tuesday Blitz November 29 Early 2022"]
[White "Schut, Han"]
[Black "Osinovsky, Stepan"]
[WhiteFideId "1005561"]
[BlackFideId "4157354"]
[WhiteElo "2024"]
[BlackElo "2222"]
[Result "1-0"]
[Round "06"]
[TimeControl "180+1"]
[Date "2022.11.30"]
[WhiteClock "0:00:32"]
[BlackClock "0:00:07"]

1. e4 e5 2. Nf3 Nc6 3. Bc4 Nf6 4. d4 exd4 5. e5 d5 6. Bb5 Ne4 7. Nxd4 Bd7 8. Bxc6 bxc6 9. O-O Bc5 10. f3 Ng5 11. Be3 O-O 12. f4 Ne4 13. Nd2 Nxd2 14. Qxd2 Bb6 15. Nb3 f6 16. Qc3 fxe5 17. fxe5 Qe7 18. Bc5 Bxc5+ 19. Nxc5 Bf5 20. Rae1 h6 21. Re2 Rae8 22. Qd4 Bg6 23. Rxf8+ Rxf8 24. c3 Qg5 25. Qe3 Qf5 26. h3 Qb1+ 27. Kh2 Rf1 28. e6 Rh1+ 29. Kg3 Kh7 30. e7 Qf5 31. Qf3 Qg5+ 32. Qg4 Qf6 33. Qf4 Be8 34. Qxf6 gxf6 35. Ne6 Kg6 36. Nxc7 Kf7 37. Nxe8 Kxe8 38. Kg4 Rf1 39. Kh5 f5 40. Kxh6 c5 41. Kg5 d4 42. cxd4 cxd4 43. Kf6 f4 44. Rd2 f3 45. g4 f2 46. Rxd4 Re1 47. Rd8# 1-0


[Site "https://www.chess.com"]

[Event "Titled Tuesday Blitz November 29 Early 2022"]
[White "Sharifov, Mekhriddin"]
[Black "Bogaudinov, Rushan"]
[WhiteFideId "14701545"]
[BlackFideId "4129288"]
[WhiteElo "2109"]
[BlackElo "1997"]
[Result "1-0"]
[Round "06"]
[TimeControl "180+1"]
[Date "2022.11.30"]
[WhiteClock "0:01:52"]
[BlackClock "0:02:02"]

1. e4 c5 2. Nf3 d6 3. d4 cxd4 4. Nxd4 Nf6 5. Nc3 a6 6. Bg5 Qb6 7. Bxf6 gxf6 8. Nd5 Qd8 9. Qh5 Nc6 10. O-O-O Nxd4 11. Rxd4 Be6 12. Bc4 b5 13. Nxf6+ exf6 14. Bxe6 Qe7 15. Bd5 Rc8 16. Kb1 h6 17. Rhd1 Rg8 18. Bb3 Qe5 19. Qxf7+ 1-0


[Site "https://www.chess.com"]

[Event "Titled Tuesday Blitz November 29 Early 2022"]
[White "Shimanov, Aleksandr"]
[Black "Hambleton, Aman"]
[WhiteFideId "4198603"]
[BlackFideId "2606577"]
[WhiteElo "2874"]
[BlackElo "2730"]
[Result "1-0"]
[Round "06"]
[TimeControl "180+1"]
[Date "2022.11.30"]
[WhiteClock "0:00:06"]
[BlackClock "0:00:01"]

1. g3 d5 2. Bg2 c6 3. d3 e5 4. Nf3 Bd6 5. O-O Nf6 6. c4 dxc4 7. dxc4 O-O 8. Nc3 h6 9. Qc2 Qe7 10. Nh4 Re8 11. Rd1 a5 12. Na4 Bc7 13. Be3 Na6 14. Nb6 Bxb6 15. Bxb6 Qb4 16. Be3 Be6 17. b3 a4 18. Rab1 axb3 19. axb3 Red8 20. h3 Rxd1+ 21. Rxd1 Nc5 22. Rb1 Ncd7 23. Nf3 Qa5 24. Bd2 Qa2 25. Rb2 Qa1+ 26. Kh2 Kf8 27. Bc3 e4 28. Ne5 Nxe5 29. Bxe5 Nd7 30. Bc3 f5 31. Qd2 Kf7 32. Qd6 Qc1 33. Qd4 Nf6 34. Bd2 1-0


[Site "https://www.chess.com"]

[Event "Titled Tuesday Blitz November 29 Early 2022"]
[White "Shipov, Sergei"]
[Black "Oparin, Grigoriy"]
[WhiteFideId "4113624"]
[BlackFideId "24125890"]
[WhiteElo "2806"]
[BlackElo "2974"]
[Result "1/2-1/2"]
[Round "06"]
[TimeControl "180+1"]
[Date "2022.11.30"]
[WhiteClock "0:00:08"]
[BlackClock "0:00:06"]

1. d4 Nf6 2. c4 e6 3. Nc3 d5 4. cxd5 Nxd5 5. Nf3 c5 6. e3 a6 7. Bd3 Nc6 8. O-O cxd4 9. exd4 Be7 10. Qe2 Nf6 11. Rd1 Bd7 12. a3 O-O 13. Bg5 h6 14. Bh4 Re8 15. Re1 Nd5 16. Bg3 Nxc3 17. bxc3 Bf6 18. h4 Ne7 19. h5 Nf5 20. Be5 Bc6 21. Bxf6 Qxf6 22. Ne5 Rac8 23. Rab1 b5 24. a4 Red8 25. Nxc6 Rxc6 26. axb5 axb5 27. Rxb5 Rxc3 28. Bxf5 exf5 29. Qe5 Qxe5 30. Rexe5 f4 31. Rf5 f3 32. Rb7 f6 33. Rc5 Rxc5 34. dxc5 Rd1+ 35. Kh2 Rc1 36. Rc7 fxg2 37. Kxg2 Rc3 38. f3 Rc4 39. Kg3 Kh7 40. f4 f5 41. Kf3 Kg8 42. Ke3 Re4+ 43. Kd3 Rxf4 44. Re7 Kf8 45. Re5 Rf1 46. Kc4 Kf7 47. c6 Rc1+ 48. Kd5 Kf6 49. Re6+ Kg5 50. Kd6 Kxh5 51. Re5 Rxc6+ 52. Kxc6 Kg4 53. Kd5 g5 54. Kd4 h5 55. Ke3 h4 56. Kf2 h3 57. Rb5 f4 58. Rc5 Kh4 59. Kf3 g4+ 60. Kxf4 h2 61. Rc8 Kh3 62. Rh8+ Kg2 63. Kxg4 h1=Q 64. Rxh1 Kxh1 1/2-1/2


[Site "https://www.chess.com"]